AoeStats
← HORA DE CALLARSE UN POQUITO

Arena

505566480Analyzed
4v4 RM · 23d ago on Sep 10, 2026· 85m 52s· 8 players
Game mode
Random Map
Map size
Large (8 player)
Population
200
Speed
Normal
Resources
Standard
Victory
Conquest
Starting age
Dark Age
Ending age
Imperial Age
RankedLock teamsTeams togetherTeam positionsShared explorationLock speedFull tech treeHidden civsTurbo modeCheats
Victory
Defeat
🇨🇴 Bulgarians · Colombia
690
+17
🇺🇸 Franks · United States
650
+19
🇺🇸 Khmer · United States
625
+20
🇨🇴 Portuguese · Colombia
564
+22
🇵🇪 Vietnamese · Peru
851
-40
🇵🇪 Bohemians · Peru
709
-20
🇵🇪 Armenians · Peru
656
-17
647
-17
MRYFZHU
14:57 Feudal Age
17:12 Wheelbarrow
16:24 Horse Collar
16:31 Double-Bit Axe
19:59 Loom
24:22 Castle Age
24:05 Gold Mining
24:09 Stone Mining
25:19 Bloodlines
24:59 Arson
24:36 Man-at-Arms
27:49 Bow Saw
27:42 Heavy Plow
28:20 Gold Shaft Mining
28:25 Stone Shaft Mining
29:17 Fervor
30:01 Pikeman
30:45 Husbandry
30:08 Light Cavalry
31:16 Hand Cart
32:33 Caravan
33:03 Coinage
36:40 Masonry
36:42 Fortified Wall
36:53 Ballistics
36:49 Forging
36:41 Scale Mail Armor
36:47 Scale Barding Armor
41:54 Imperial Age
42:08 Imperial Age
39:25 Town Watch
40:17 Chain Mail Armor
40:23 Chain Barding Armor
43:54 Chemistry
43:25 Architecture
43:04 Siege Engineers
43:13 Town Patrol
45:31 Crop Rotation
47:14 Conscription
46:26 Sappers
51:04 Hoardings
50:36 Fletching
50:47 Padded Archer Armor
77:51 Banking
83:10 Bodkin Arrow
83:30 Leather Archer Armor
83:51 Plate Barding Armor
83:28 Forging
83:16 Murder Holes
83:12 Heated Shot
83:13 Guard Tower
83:28 Siphons
82:48 Elite Ballista Elephant
83:28 Tusk Swords
83:30 Double Crossbow
83:46 Redemption
83:56 Sanctity
83:37 Devotion
84:02 Illumination
84:13 Theocracy
83:33 Herbal Medicine
83:08 Halberdier
83:12 Elite Skirmisher
cas5530
1:11 Loom
11:20 Feudal Age
12:16 Double-Bit Axe
16:15 Wheelbarrow
19:49 Castle Age
18:58 Gold Mining
19:05 Stone Mining
19:39 Padded Archer Armor
19:54 Fletching
21:46 Hand Cart
23:02 Scale Mail Armor
25:39 Bow Saw
28:32 #83
28:47 Caravan
29:02 Pikeman
29:43 Squires
29:28 Arson
29:29 Gambesons
29:05 Man-at-Arms
29:49 Murder Holes
32:25 Ballistics
35:02 Imperial Age
33:27 Leather Archer Armor
33:25 Forging
34:10 Fortified Wall
34:03 Bodkin Arrow
34:27 Scale Barding Armor
35:04 Coinage
34:59 Chain Mail Armor
35:19 Chain Barding Armor
35:52 Iron Casting
35:09 Elite Skirmisher
37:35 Chemistry
36:52 Long Swordsman
37:56 Conscription
38:18 Hoardings
39:41 Blast Furnace
39:12 Plate Mail Armor
39:30 Plate Barding Armor
39:00 Husbandry
39:50 Gold Shaft Mining
40:20 Banking
39:52 Cavalier
39:59 Two-Handed Swordsman
42:04 Halberdier
47:24 Champion
75:27 Spies/Treason
WARRIOR9608
16:02 Feudal Age
21:15 Horse Collar
21:24 Double-Bit Axe
21:32 Gold Mining
21:47 Stone Mining
24:19 Wheelbarrow
27:26 Castle Age
29:22 Husbandry
28:44 Pikeman
29:10 Arson
29:35 Heavy Plow
35:42 Imperial Age
36:12 Imperial Age
36:06 Caravan
36:38 Bow Saw
37:26 Halberdier
39:58 Chemistry
39:30 Cavalier
43:55 Elite Skirmisher
47:56 Elite Organ Gun
86:36 Forging
86:27 Scale Mail Armor
86:18 Fletching
86:29 Padded Archer Armor
86:35 Scale Barding Armor
js.paredesm
10:38 Feudal Age
11:05 Double-Bit Axe
11:02 Horse Collar
16:18 Forging
21:40 Castle Age
20:25 Scale Mail Armor
23:05 Iron Casting
22:57 Bow Saw
22:49 Heavy Plow
22:56 Squires
24:24 Chain Mail Armor
27:23 Stone Mining
30:36 Wheelbarrow
30:49 Loom
32:40 Gold Mining
35:05 Hand Cart
38:27 Imperial Age
37:10 Scale Barding Armor
37:45 Gold Shaft Mining
37:31 Caravan
37:21 Gambesons
39:35 Hand Cart
40:01 Conscription
41:39 Blast Furnace
41:49 Crop Rotation
42:11 Bagains
43:25 Plate Mail Armor
44:00 Stone Shaft Mining
44:39 Capped Ram
46:01 Chain Barding Armor
45:17 Elite Konnik
45:58 Siege Ram
46:41 Stirrups
48:37 Plate Barding Armor
60:50 Coinage
69:48 Ballistics
70:02 Siege Engineers
74:49 Spies/Treason
HORA DE CALLARSE UN POQUITO
7:09 Loom
10:47 Feudal Age
12:27 Wheelbarrow
12:56 Double-Bit Axe
13:15 Horse Collar
19:51 Gold Mining
19:52 Stone Mining
19:32 Man-at-Arms
24:01 Scale Mail Armor
23:53 Fletching
24:05 Padded Archer Armor
28:59 Castle Age
30:44 Capped Ram
32:43 Bow Saw
32:35 Heavy Plow
32:53 Hand Cart
33:14 Crossbowman
34:00 Thumb Ring
33:26 Elite Skirmisher
34:21 Steppe Husbandry
34:43 Murder Holes
35:09 Ballistics
36:12 Squires
35:33 Pikeman
35:33 Long Swordsman
40:00 Imperial Age
37:56 Leather Archer Armor
37:37 Bodkin Arrow
37:59 Chain Mail Armor
37:54 Forging
37:51 Scale Barding Armor
40:14 Halberdier
40:14 Two-Handed Swordsman
40:24 Elite Skirmisher
43:25 Coinage
43:07 Guilds
44:29 Chemistry
44:23 Champion
46:24 Ring Archer Armor
46:16 Chain Barding Armor
47:50 Banking
47:21 Caravan
48:13 Imperial Skirmisher
50:12 Onager
52:57 Siege Onager
56:35 Cuman Mercenaries
57:58 Elite Kipchak
63:08 Elite Kipchak
72:50 Plate Mail Armor
72:55 Iron Casting
Elmau1618
5:14 Loom
11:23 Feudal Age
12:20 Horse Collar
12:27 Double-Bit Axe
16:37 Wheelbarrow
16:41 Wheelbarrow
21:18 Castle Age
23:17 Hand Cart
22:52 Pikeman
25:46 Bow Saw
25:38 Heavy Plow
26:32 Caravan
27:02 Coinage
29:13 Chemistry
28:24 Padded Archer Armor
28:43 Elite Skirmisher
35:46 Imperial Age
33:59 Leather Archer Armor
35:18 Ballistics
36:45 Elite Hussite Wagon
37:06 Halberdier
38:44 Ring Archer Armor
39:22 Banking
39:02 Guilds
38:20 Houfnice
39:37 Siege Engineers
46:12 Wagenburg Tactics
46:46 Arson
47:02 Squires
49:25 Fletching
55:01 Elite Skirmisher
56:38 Imperial Skirmisher
58:42 Forging
58:32 Scale Mail Armor
58:38 Scale Barding Armor
58:29 Bodkin Arrow
59:07 Bombard Tower
58:33 Arrowslits
58:40 Guard Tower
justin20ov
4:00 Loom
12:35 Feudal Age
14:02 Man-at-Arms
15:18 Long Swordsman
23:27 Castle Age
22:38 Double-Bit Axe
24:17 Gambesons
23:53 Two-Handed Swordsman
27:07 Wheelbarrow
32:07 Champion
34:18 Horse Collar
35:01 Squires
36:07 Pikeman
37:13 Halberdier
42:09 Imperial Age
KINGER
0:46 Loom
12:05 Feudal Age
10:35 Loom
12:35 Double-Bit Axe
12:44 Gold Mining
14:18 Loom
16:35 Man-at-Arms
17:15 Horse Collar
20:06 Wheelbarrow
25:12 Stone Mining
25:57 Forging
28:18 Castle Age
29:06 Crossbowman
31:09 Bow Saw
30:47 Long Swordsman
34:21 Squires
36:22 Ballistics
36:21 Hand Cart
40:37 Thumb Ring
40:40 Pikeman
42:19 Arson
44:13 Heated Shot
49:38 Imperial Age
58:37 Light Cavalry
59:23 Husbandry
59:33 Bloodlines
Connection lost

Rejoining the realm…

Still unreachable

The connection could not be restored.

Session expired

The server has moved on; the page needs a fresh start.